 Dungeon Crawl Stone Soup version 0.28.0-53-g5a82cb258f (webtiles) character file.

Game seed: 12000160196426857933

148729 shaman420 the Fighter (level 17, -4/128 HPs)
             Began as an Octopode Brigand on June 16, 2022.
             Was a Believer of Ashenzari.
             Constricted to death by a naga warrior (6 damage)
             ... on level 2 of the Snake Pit on June 23, 2022.
             The game lasted 05:56:55 (48683 turns).

shaman420 the Fighter (Octopode Brigand)           Turns: 48683, Time: 05:56:55

Health: -4/128     AC:  1    Str: 23    XL:     17   Next: 49%
Magic:  11/43      EV: 21    Int: 21    God:    Ashenzari [**....]
Gold:   1685       SH:  9    Dex: 19    Spells: 3/42 levels left

rFire   + + .      SeeInvis +   a - +4 hunting sling of Megalomania {flame, rPois rN+ Str+3}
rCold   + . .      Faith    .   l - +2 buckler
rNeg    + + .      Spirit   .   Q - +0 hat of the Assorted Dances {rElec Will+ Str+3}
rPois   +          Reflect  .   (no amulet)
rElec   +          Harm     .   h - ring "Gnosis of the Firmament" {Dex+6, Cun, Evo} (curse)
rCorr   .          Rampage  .   G - ring of protection from fire
Will    +++..                   u - ring of Toth-Mos's Legacy {Wiz, Cun, Self} (curse)
Stlth   +++++.....              g - ring of Ashenzari's Portent {rPois rC+ rN+, Alch, Cun} (curse)
HPRegen 0.31/turn               A - ring of the Bound Trepidation {Will+, Comp, Alch} (curse)
MPRegen 0.28/turn               F - ring of magical power
                                c - +6 ring of strength
                                V - ring of protection from fire

@: lethally poisoned (-4 -> -6), constricted
A: almost no armour, amphibious, 8 rings, camouflage 1, gelatinous body 1,
(nimble swimmer 1), tentacles
a: Renounce Religion, Curse Item, Shatter the Chains


You were on level 2 of the Snake Pit.
You worshipped Ashenzari.
Ashenzari was pleased with you.
You visited 6 branches of the dungeon, and saw 27 of its levels.
You also visited: Gauntlet and Ice Cave.

You collected 3036 gold pieces.
You spent 1351 gold pieces at shops.

Inventory:

Hand Weapons
 a - the +4 hunting sling of Megalomania (weapon) {flame, rPois rN+ Str+3}
   (You found it on level 7 of the Dungeon)

   Any ammunition fired from it burns those it strikes, dealing additional fire
   damage.
   Str:       It affects your strength (+3).
   rPois:     It protects you from poison.
   rN:        It protects you from negative energy.
 v - the +8 dagger "Zitixt" {protect, rCorr Int+3}
   (You found it on level 13 of the Dungeon)

   It grants its wielder temporary protection when it strikes (+7 to AC).
   Int:       It affects your intelligence (+3).
   rCorr:     It protects you from acid and corrosion.
 N - a +1 dire flail of holy wrath
 U - the +8 mace of the Priest {vorpal, rPois rCorr Stlth+}
   (You took it off an orc on level 2 of the Dungeon)

   It inflicts extra damage upon your enemies.
   rPois:     It protects you from poison.
   rCorr:     It protects you from acid and corrosion.
   Stlth:     It makes you more stealthy.
Missiles
 m - 5 boomerangs of dispersal
 I - 43 sling bullets (quivered ammo)
 M - 5 silver javelins
 T - 2 atropa-tipped darts
Armour
 l - a +2 buckler (worn)
 Q - the +0 hat of the Assorted Dances (worn) {rElec Will+ Str+3}
   (You found it in a Gauntlet)

   Str:       It affects your strength (+3).
   rElec:     It insulates you from electricity.
   Will:      It increases your willpower.
Magical Staves
 b - a staff of poison
Jewellery
 c - a +6 ring of strength (on tentacle)
 g - the cursed ring of Ashenzari's Portent (on tentacle) {rPois rC+ rN+, Alch, Cun}
   (You acquired it on level 11 of the Dungeon)

   [ring of protection from cold]

   rC:        It protects you from cold.
   rPois:     It protects you from poison.
   rN:        It protects you from negative energy.
   It has a curse which improves the following skills: Alchemy: Poison Magic and
   Transmutations.
   Cunning:   Dodging and Stealth.
 h - the cursed ring "Gnosis of the Firmament" (left tentacle) {Dex+6, Cun, Evo}
   (You found it on level 2 of the Dungeon)

   [ring of dexterity]

   Dex:       It affects your dexterity (+6).
   It has a curse which improves the following skills: Cunning: Dodging and
   Stealth.
   Evocations: Evocations.
 u - the cursed ring of Toth-Mos's Legacy (on tentacle) {Wiz, Cun, Self}
   (You took it off an orc on level 9 of the Dungeon)

   [ring of wizardry]

   It improves your spell success rate.
   It has a curse which improves the following skills: Cunning: Dodging and
   Stealth.
   Introspection: Fighting and Spellcasting.
 A - the cursed ring of the Bound Trepidation (on tentacle) {Will+, Comp, Alch}
   (You found it on level 10 of the Dungeon)

   [ring of willpower]

   Will:      It increases your willpower.
   It has a curse which improves the following skills: Companions: Summonings
   and Necromancy.
   Alchemy:   Poison Magic and Transmutations.
 F - a ring of magical power (on tentacle)
 G - a ring of protection from fire (right tentacle)
 V - a ring of protection from fire (on tentacle)
Wands
 r - a wand of polymorph (25)
 z - a wand of iceblast (15)
 B - a wand of acid (7)
 H - a wand of flame (36)
 O - a wand of mindburst (6)
 P - a wand of digging (7)
 Z - a wand of paralysis (11)
Scrolls
 d - 3 scrolls of immolation
 i - 7 scrolls of teleportation
 j - 11 scrolls of fog
 k - 2 scrolls of blinking
 s - a scroll of silence
 y - 6 scrolls of vulnerability
 J - 3 scrolls of magic mapping
 R - a scroll of holy word
 S - 2 scrolls of summoning
 X - a scroll of fear
Potions
 f - 2 potions of attraction
 n - 4 potions of heal wounds
 o - 3 potions of haste
 q - a potion of flight
 t - a potion of ambrosia
 w - 4 potions of brilliance
 x - 2 potions of cancellation
 C - 6 potions of curing
 E - a potion of might
 K - a potion of resistance
 L - 7 potions of lignification
 W - 3 potions of mutation
Miscellaneous
 e - a box of beasts
 p - a condenser vane
 D - a lightning rod (4/4)
 Y - a piece from Xom's chessboard (15/15)


   Skills:
 + Level 14.6(15.7) Fighting
 - Level 2.0 Short Blades
 - Level 6.3 Maces & Flails
 - Level 3.0 Throwing
 + Level 13.6(16.0) Dodging
 - Level 5.3(7.7) Stealth
 + Level 8.1 Shields
 + Level 12.1(13.3) Spellcasting
 - Level 1.4(2.3) Summonings
 - Level 11.2(12.4) Necromancy
 + Level 6.1(8.0) Transmutations
 - Level 1.0 Fire Magic
 - Level 3.0 Air Magic
 - Level 6.0 Earth Magic
 + Level 12.5(14.3) Poison Magic
 - Level 3.5(4.7) Evocations


You had 3 spell levels left.
You knew the following spells:

 Your Spells              Type           Power      Damage    Failure   Level
a - Vampiric Draining     Necr           60%        2d10      1%          3
b - Pain                  Necr           100%       1d9       1%          1
c - Poisonous Vapours     Pois/Air       100%       N/A       1%          2
d - Olgreb's Toxic Radia  Pois           65%        N/A       1%          4
e - Ignite Poison         Fire/Tmut/Pois 46%        N/A       1%          3
f - Borgnjor's Vile Clut  Necr/Erth      25%        N/A       1%          5
g - Mephitic Cloud        Conj/Pois/Air  38%        N/A       1%          3
h - Blink                 Tloc           28%        N/A       3%          2
i - Passwall              Tmut/Erth      35%        N/A       1%          2
j - Swiftness             Air            26%        N/A       1%          3
k - Alistair's Intoxicat  Tmut/Pois      38%        N/A       1%          5
l - Eringya's Noxious Bo  Tmut/Pois      28%        N/A       3%          6

Your spell library contained the following spells:

 Spells                   Type           Power      Damage    Failure   Level
 Animate Skeleton         Necr           100%       N/A       1%          1
 Beastly Appendage        Tmut           94%        N/A       1%          1
 Foxfire                  Conj/Fire      64%        2x1d7     1%          1
 Sandblast                Erth           78%        2d17      1%          1
 Sting                    Tmut/Pois      100%       1d8       1%          1
 Wereblood                Tmut           47%        N/A       1%          2
 Stone Arrow              Conj/Erth      52%        3d10      1%          3
 Freeze                   Ice            56%        1d7       2%          1
 Magic Dart               Conj           56%        1d5       2%          1
 Ensorcelled Hibernation  Hex/Ice        28%        N/A       3%          2
 Searing Ray              Conj           28%        2d5       3%          2
 Conjure Flame            Conj/Fire      16%        6-21      6%          3
 Inner Flame              Hex/Fire       16%        N/A       6%          3
 Frozen Ramparts          Ice            28%        1d4       7%          3
 Gell's Gravitas          Tloc           14%        N/A       7%          3
 Teleport Other           Tloc           14%        N/A       7%          3
 Tukima's Dance           Hex            14%        N/A       7%          3
 Anguish                  Hex/Necr       20%        N/A       1%          4
 Petrify                  Tmut/Erth      43%        N/A       1%          4
 Yara's Violent Unravell  Hex/Tmut       15%        3d8       12%         5
 Flame Wave               Conj/Fire      16%        2d6       17%         4
 Fulminant Prism          Conj/Hex       7%         3d7       22%         4
 Hailstorm                Conj/Ice       14%        3d5       22%         4
 Freezing Cloud           Conj/Ice/Air   9%         6-21      38%         5
 Manifold Assault         Tloc           14%        N/A       50%         5
 Storm Form               Tmut/Air       18%        N/A       86%         7
 Necromutation            Tmut/Necr      27%        N/A       89%         8
 Dispersal                Tloc           7%         N/A       96%         6
 Enfeeble                 Hex            7%         N/A       100%        7


Dungeon Overview and Level Annotations

Branches:
Dungeon (14/15)            Temple (1/1) D:4            Lair (6/6) D:11
 Shoals (0/4) Lair:3        Snake (2/4) Lair:2        Slime (0/5) Lair:6
    Orc (2/2) D:11            Elf (2/3) Orc:2        Vaults (0/5) D:13
  IceCv (visited)         Gauntlet (visited)

Altars:
Ashenzari
Cheibriados
Dithmenos
Elyvilon
Gozag
Hepliaklqana
Kikubaaqudgha
Makhleb
Nemelex Xobeh
Okawaru
Qazlal
Ru
Sif Muna
Trog
Uskayaw
Vehumet
Wu Jian
Xom
Yredelemnul
Zin
The Shining One

Shops:
D:1 :   D:6 :[(:*   D:10 (   Orc:1 *[   Orc:2 ==*[   Elf:2 *[:

Annotations:
D:2 1 runed translucent door, Crazy Yiuf
D:3 3 runed translucent doors, ciphuk's ghost, amateur HONe
D:8 Erica; Harold
D:11 3 runed translucent doors
D:12 3 runed translucent doors, kalagan's ghost, journeyman DECj
Lair:6 3 runed translucent doors, Gabide's ghost, journeyman NaVM
Snake:1 exclusion: downstairs
Orc:2 3 exclusions
Elf:1 5 transporters
Elf:2 3 runed translucent doors


Innate Abilities, Weirdness & Mutations

You cannot wear most types of armour.
You are amphibious.
You can wear up to eight rings at the same time.
Your skin changes colour to match your surroundings (Stealth+).
Your rubbery body absorbs attacks. (AC +1, EV +1)
((You are camouflaged when in or above water. (Stealth+)))
You have tentacles for arms and can constrict up to eight enemies at once.


Message History

You escape the anaconda's grasp.
The zombie hands release their grip on the naga.
You are engulfed in blazing flames.
You resist.
You feel very sick.
The anaconda is engulfed in blazing flames.
The anaconda grabs you.
You stop ascending the stairs.
The anaconda bites you!! The anaconda constricts you.
* * * LOW HITPOINT WARNING * * *
The naga warrior is engulfed in blazing flames.
The anaconda's grasp on you weakens, but your attempt to escape fails.
You are engulfed in blazing flames.
You resist.
* * * LOW HITPOINT WARNING * * *
You feel sick.
The anaconda is engulfed in blazing flames.
The anaconda misses you. The anaconda constricts you.
* * * LOW HITPOINT WARNING * * *
The anaconda is engulfed in blazing flames.
The anaconda closely misses you. The anaconda constricts you.
* * * LOW HITPOINT WARNING * * *
As you read the scroll of fear, it crumbles to dust.
You assume a fearsome visage.
The anaconda looks frightened!
The naga warrior resists with almost no effort.
The naga looks frightened!
The salamander looks frightened!
You are engulfed in blazing flames.
You resist.
* * * LOW HITPOINT WARNING * * *
You feel sick.
The anaconda is engulfed in blazing flames.
The anaconda loses its grip on you. You block the naga warrior's attack.
The naga warrior grabs you. The naga warrior constricts you.
* * * LOW HITPOINT WARNING * * *
The anaconda is engulfed in blazing flames.
The naga warrior's grasp on you weakens, but your attempt to escape fails.
You are engulfed in blazing flames.
You resist.
* * * LOW HITPOINT WARNING * * *
You feel sick. The naga warrior spits poison at you.
The splash of poison hits you. You resist.
* * * LOW HITPOINT WARNING * * *
The naga warrior constricts you.
You die...

.....N......, * *
..N..........##..#
,
............,....#,
, , ,, ..####.#...#
#.... ** ,* , , ##
.#.### #...#, , *
N. . # ...# ,* , ,
* ##.##..##,, , *
#.......# ,,
#.@.#,,, *
#..Nā˜¼ā—‹.SN.. ,
#..)ā—‹####... * *
**#..N## * ., ,
,#....#, , , *
#.##.. *,, * *#)
#.# * , , * .S #.#
* , , , * , ,


You could see a naga warrior (catching breath), a salamander (fleeing), an
anaconda (fleeing) and a naga (fleeing).

Vanquished Creatures
  Gastronok (D:10)
  An azure jelly (IceCv)
  2 quicksilver oozes (IceCv)
  Nessos (Lair:5)
  A deep elf demonologist (Elf:1)
  A dire elephant (Lair:6)
  A minotaur (Gauntlet)
  3 deep elf death magi (Elf:1)
  4 vault guards (D:13)
  8 hydras
  An ice dragon (Lair:5)
  3 naga warriors (Snake:1)
  Josephine (Lair:5)
  A boulder beetle (D:14)
  2 salamander tyrants (Snake:1)
  2 anacondas (Snake:1)
  3 catoblepae
  2 centaur warriors (D:13)
  18 dancing weapons
  7 two-headed ogres
  8 death yaks (Lair:6)
  Urug (Lair:6)
  A tengu warrior (D:13)
  3 naga sharpshooters
  Sonja (Lair:6)
  6 orc high priests
  6 deep elf knights (Elf:1)
  5 salamander mystics (Snake:1)
  A fire crab (Gauntlet)
  A skeletal warrior (D:13)
  2 deep elf archers (Elf:1)
  A naga ritualist (Snake:1)
  An orange crystal statue (IceCv)
  Pikel (D:7)
  17 deep elf pyromancers
  3 lindwurms (Lair:6)
  14 deep elf zephyrmancers
  5 oklob plants
  5 orc knights
  8 ugly things
  2 orc sorcerers
  11 mana vipers (Snake:1)
  6 salamanders (Snake:1)
  5 cyclopes
  5 manticores
  Maurice (D:8)
  4 naga magi (Snake:1)
  8 elephants
  17 black mambas
  A torpor snail (Gauntlet)
  An unseen horror (D:11)
  A gargoyle (Gauntlet)
  4 guardian serpents
  2 kobold demonologists (D:11)
  9 cane toads
  6 komodo dragons
  2 entropy weaver simulacra (IceCv)
  4 rime drakes
  5 very ugly thing simulacra (IceCv)
  A tengu conjurer (D:11)
  2 polar bears
  10 trolls
  Grinder (D:3)
  8 dream sheep (Lair:6)
  12 blink frogs
  9 slime creatures (IceCv)
  A shadow (D:10)
  6 wraiths
  5 wyverns
  A fire elemental (Elf:1)
  6 basilisks
  50 yaks
  6 fire bats (Gauntlet)
  11 vampire mosquitoes
  16 nagas
  7 wargs
  4 demonic crawler simulacra (IceCv)
  3 acid dragons
  12 water moccasins
  A hell hound (Gauntlet)
  25 orc warriors
  A black bear (shapeshifter) (D:13)
  2 black bears
  23 wolves
  3 necrophages (D:8)
  2 ugly thing simulacra (IceCv)
  10 ogres
  10 centaurs
  3 phantoms
  4 kobold brigands
  3 earth elementals
  A gnoll sergeant (D:9)
  2 scorpions (D:4)
  14 bullfrogs
  A wyvern zombie (D:8)
  2 wyvern skeletons
  A water moccasin skeleton (D:4)
  4 electric eels
  9 howler monkeys
  A centaur zombie (D:6)
  A bullfrog zombie (D:6)
  3 hounds
  21 orc priests
  A gnoll shaman (D:8)
  2 jellies
  2 iguanas
  Jessica (D:3)
  Natasha (thrice) (D:3)
  32 orc wizards
  A hell rat (Lair:6)
  A killer bee zombie (D:7)
  A hound skeleton (D:4)
  A howler monkey zombie (D:9)
  7 gnolls
  6 adders
  A shadow imp (D:6)
  2 white imps
  A worm (D:2)
  5 dart slugs
  78 orcs
  6 endoplasms
  2 giant cockroaches
  6 goblins
  9 hobgoblins
  4 jackals (D:3)
  6 quokkas
  6 ball pythons
  6 bats
  2 frilled lizards (D:1)
  4 kobolds
  11 rats
772 creatures vanquished.

Vanquished Creatures (collateral kills)
  2 quicksilver oozes (IceCv)
  A slime creature (IceCv)
3 creatures vanquished.

Vanquished Creatures (others)
  A very ugly thing simulacrum (IceCv)
  An orc (Orc:2)
  A bush (Lair:6)
  32 fungi
  45 plants
80 creatures vanquished.

Grand Total: 855 creatures vanquished

Notes
Turn   | Place    | Note
-------+----------+-------------------------------------------
     0 | D:1      | shaman420 the Octopode Brigand began the quest for the Orb.
     0 | D:1      | Reached XP level 1. HP: 14/14 MP: 1/1
   210 | D:1      | Found a faded altar of an unknown god.
   328 | D:1      | Found Peseceps's Book Shoppe.
   335 | D:1      | Reached XP level 2. HP: 19/19 MP: 2/2
   911 | D:1      | Reached XP level 3. HP: 25/25 MP: 3/3
  1727 | D:2      | Reached XP level 4. HP: 15/30 MP: 4/4
  1943 | D:2      | Identified the +8 mace of the Priest {vorpal, rPois rCorr
                  | Stlth+}
  2206 | D:2      | Found a runed translucent door.
  2207 | D:2      | Noticed Crazy Yiuf
  2351 | D:2      | Reached skill level 3 in Fighting
  2662 | D:3      | Reached XP level 5. HP: 22/36 MP: 5/5
  2837 | D:3      | Reached skill level 1 in Maces & Flails
  2853 | D:3      | Noticed Natasha
  2861 | D:3      | Killed Natasha
  2862 | D:3      | Reached skill level 1 in Necromancy
  2979 | D:3      | Noticed Natasha
  2986 | D:3      | Killed Natasha
  3055 | D:3      | Noticed Grinder
  3074 | D:3      | Noticed Natasha
  3087 | D:3      | Killed Natasha
  3467 | D:3      | Noticed Jessica
  3475 | D:3      | Killed Jessica
  3476 | D:3      | Reached XP level 6. HP: 32/43 MP: 6/6
  3742 | D:4      | Reached skill level 4 in Fighting
  3861 | D:4      | Found a staircase to the Ecumenical Temple.
  3874 | Temple   | Entered the Ecumenical Temple
  3944 | Temple   | Became a worshipper of Ashenzari the Shackled
  4110 | D:4      | Found an opulent altar of Gozag.
  4195 | D:4      | Found a basalt altar of Yredelemnul.
  4511 | D:4      | Reached XP level 7. HP: 49/49 MP: 7/7
  4525 | D:4      | Noticed Edmund
  4528 | D:4      | Noticed Edmund
  4528 | D:4      | Edmund changed into Edmund the wolf
  4533 | D:4      | Killed Edmund the wolf
  5027 | D:4      | Found a hide-covered altar of Uskayaw.
  5028 | D:4      | Found a glowing silver altar of Zin.
  5126 | D:5      | Entered Level 5 of the Dungeon
  5141 | D:5      | Learned a level 3 spell: Vampiric Draining
  5363 | D:5      | Reached XP level 8. HP: 54/54 MP: 8/8
  5422 | D:5      | Learned a level 1 spell: Pain
  5635 | D:5      | Reached skill level 5 in Fighting
  5851 | D:5      | Found a sacrificial altar of Ru.
  5851 | D:5      | Found a bloodstained altar of Trog.
  5924 | D:5      | Reached skill level 5 in Necromancy
  6618 | D:6      | Found Ixtem's Antique Weapon Shoppe.
  6980 | D:6      | Found Kuom's Book Boutique.
  7030 | D:6      | Found Ceurchyts's General Store.
  7097 | D:6      | Found an iron altar of Okawaru.
  7217 | D:6      | Reached XP level 9. HP: 58/62 MP: 3/9
  7281 | D:6      | Found Torikh's Book Shop.
  7286 | D:6      | Bought a Young Poisoner's Handbook for 240 gold pieces
  7346 | D:6      | Reached skill level 6 in Fighting
  7346 | D:6      | Reached skill level 1 in Poison Magic
  7602 | D:6      | Found a sparkling altar of Nemelex Xobeh.
  7707 | D:6      | Found Iso Ham's Antique Armour Shoppe.
  7806 | D:6      | Reached skill level 5 in Maces & Flails
  7812 | D:6      | Reached skill level 1 in Spellcasting
  7843 | D:6      | Found an ornate altar of the Wu Jian Council.
  7899 | D:6      | Reached skill level 5 in Dodging
  8105 | D:6      | Found a shimmering altar of Xom.
  8235 | D:7      | Noticed Pikel
  8411 | D:7      | Learned a level 2 spell: Poisonous Vapours
  9281 | D:7      | Identified the +4 hunting sling of Megalomania {flame,
                  | rPois rN+ Str+3}
  9739 | D:8      | Noticed Maurice
  9760 | D:8      | Killed Maurice
  9761 | D:8      | Reached skill level 5 in Poison Magic
  9881 | D:8      | Noticed Harold
  9925 | D:8      | Reached XP level 10. HP: 61/69 MP: 3/14
 10081 | D:8      | Noticed Erica
 10090 | D:8      | Reached skill level 1 in Evocations
 10153 | D:8      | Reached skill level 7 in Fighting
 10509 | D:9      | Learned a level 4 spell: Olgreb's Toxic Radiance
 11478 | D:7      | Killed Pikel
 11806 | D:3      | Found a runed translucent gate.
 11811 | D:3      | Found a runed translucent gate.
 11811 | D:3      | Found a runed translucent gate.
 11823 | D:3      | Noticed ciphuk's ghost (amateur HONe)
 11896 | D:3      | Killed Grinder
 12675 | D:10     | Entered Level 10 of the Dungeon
 12952 | D:9      | Found a radiant altar of Vehumet.
 12987 | D:9      | Learned a level 3 spell: Ignite Poison
 13005 | D:9      | Reached XP level 11. HP: 77/77 MP: 9/17
 13156 | D:9      | Reached skill level 8 in Fighting
 13162 | D:9      | Reached skill level 1 in Fire Magic
 13431 | D:9      | Reached skill level 1 in Earth Magic
 13481 | D:9      | Learned a level 5 spell: Borgnjor's Vile Clutch
 13592 | D:9      | Reached skill level 1 in Summonings
 14031 | D:9      | Reached skill level 5 in Spellcasting
 14799 | D:10     | Noticed a manticore
 15003 | D:10     | Found Cetzolat's Antique Weapon Boutique.
 15021 | D:10     | Noticed Gastronok
 15419 | D:10     | Identified the +5 quarterstaff of Action {drain, SInv}
 15529 | D:10     | Found a shimmering blue altar of Sif Muna.
 16290 | D:11     | Noticed a two-headed ogre
 16457 | D:11     | Noticed a cyclops
 16512 | D:11     | Killed a cyclops
 16892 | D:11     | Noticed a two-headed ogre
 16897 | D:11     | Killed a two-headed ogre
 16948 | D:11     | Noticed a white ugly thing
 16963 | D:11     | Killed a white ugly thing
 17132 | D:11     | Killed a two-headed ogre
 17311 | D:11     | Noticed a two-headed ogre
 17316 | D:11     | Killed a two-headed ogre
 17317 | D:11     | Reached skill level 10 in Poison Magic
 17317 | D:11     | Reached XP level 12. HP: 84/84 MP: 7/21
 17400 | D:11     | Reached * piety under Ashenzari
 17400 | D:11     | Identified a scroll of acquirement
 17416 | D:11     | Found a staircase to the Orcish Mines.
 17472 | D:11     | Reached skill level 9 in Fighting
 17598 | D:11     | Noticed an ogre mage
 17748 | D:11     | Found a staircase to the Lair.
 18068 | D:11     | Learned a level 3 spell: Mephitic Cloud
 18219 | Orc:1    | Entered Level 1 of the Orcish Mines
 18365 | Orc:2    | Entered Level 2 of the Orcish Mines
 18701 | Orc:1    | Found Ylonein's Armour Boutique.
 18919 | Orc:1    | Found Duhixiug's Overcharged Wands.
 18939 | Orc:1    | Noticed a two-headed ogre
 18943 | Orc:1    | Killed a two-headed ogre
 19139 | Orc:2    | Found a staircase to the Elven Halls.
 19208 | Orc:1    | Noticed an orc high priest
 19212 | Orc:1    | Reached skill level 5 in Earth Magic
 19212 | Orc:1    | Killed an orc high priest
 20188 | Orc:2    | Reached skill level 10 in Fighting
 20197 | Orc:2    | Noticed an orc high priest
 20204 | Orc:2    | Noticed a soul eater
 20215 | Orc:1    | Killed an orc high priest
 20542 | Orc:2    | Noticed an orc high priest
 20542 | Orc:2    | Noticed an orc high priest
 20547 | Orc:2    | Killed an orc high priest
 20547 | Orc:2    | Killed an orc high priest
 20548 | Orc:2    | Reached XP level 13. HP: 83/95 MP: 4/25
 21759 | Orc:2    | Found Qoxzuevu's Jewellery Boutique.
 21759 | Orc:2    | Found Coasiyl's Jewellery Boutique.
 21763 | Orc:2    | Found Uhahiunou's General Store.
 21763 | Orc:2    | Found Ikiecwu's Antique Armour Shop.
 21769 | Orc:2    | Bought a potion of heal wounds for 75 gold pieces
 22250 | D:6      | Bought an Inescapable Atlas for 476 gold pieces
 22389 | Orc:2    | Learned a level 2 spell: Blink
 22535 | D:6      | Bought a book of Burglary for 240 gold pieces
 22538 | D:6      | Learned a level 2 spell: Passwall
 22542 | D:6      | Learned a level 3 spell: Swiftness
 22702 | Orc:2    | Bought a ring of magical power for 240 gold pieces
 22787 | Lair:1   | Entered Level 1 of the Lair of Beasts
 24110 | Lair:2   | Reached skill level 11 in Fighting
 24505 | Lair:2   | Found a staircase to the Snake Pit.
 25288 | Lair:3   | Found a staircase to the Shoals.
 25747 | Lair:3   | Found an ancient bone altar of Kikubaaqudgha.
 26300 | Lair:4   | Reached skill level 10 in Dodging
 26300 | Lair:4   | Reached skill level 1 in Transmutations
 26864 | Lair:4   | Reached skill level 1 in Air Magic
 26864 | Lair:4   | Reached XP level 14. HP: 103/103 MP: 27/27
 27744 | Lair:4   | Reached skill level 10 in Necromancy
 28631 | Lair:5   | Noticed Nessos
 28634 | Lair:5   | Killed Nessos
 28921 | Lair:5   | Noticed Josephine
 28930 | Lair:5   | Killed Josephine
 29769 | Lair:6   | Entered Level 6 of the Lair of Beasts
 29885 | Lair:6   | Found a gate leading to a gauntlet.
 29894 | Gauntlet | Entered a Gauntlet
 29894 | Gauntlet | Found a transporter.
 29901 | Gauntlet | Found a transporter.
 29903 | Gauntlet | Found a transporter.
 29920 | Gauntlet | Found a transporter.
 29923 | Gauntlet | Found a transporter.
 29932 | Gauntlet | Found a transporter.
 29935 | Gauntlet | Identified the +0 pair of boots "Tihukoja" {rC++ Slay+3}
 29953 | Gauntlet | Found a transporter.
 29960 | Gauntlet | Found a transporter.
 29961 | Gauntlet | Identified the +1 robe of Experimentation {rF+ Str+2}
 29970 | Gauntlet | Identified the +0 hat of the Assorted Dances {rElec Will+
                  | Str+3}
 29972 | Gauntlet | Identified the +2 cloak of Experimentation {rPois Regen+
                  | Stlth+}
 29973 | Gauntlet | Found a transporter.
 29988 | Gauntlet | Found a runed translucent door.
 29988 | Gauntlet | Found a runed translucent door.
 29992 | Gauntlet | Found a transporter.
 30006 | Gauntlet | Found a transporter.
 30015 | Gauntlet | Found a runed translucent door.
 30084 | Gauntlet | Found a transporter.
 30084 | Gauntlet | Found a transporter.
 30094 | Gauntlet | Found a transporter.
 30420 | Gauntlet | Reached skill level 12 in Fighting
 31032 | Gauntlet | Identified a ring of Abesuc {Ice Fly rElec Str+4 Int-3}
 31912 | Lair:6   | Found a staircase to the Slime Pits.
 32965 | Lair:6   | Noticed Sonja
 34345 | Lair:6   | Noticed Urug
 34348 | Lair:6   | Killed Urug
 34579 | Lair:6   | Killed Sonja
 34626 | Lair:6   | Noticed Gabide's ghost (journeyman NaVM)
 34867 | Lair:6   | Reached skill level 10 in Spellcasting
 35143 | Lair:6   | Reached XP level 15. HP: 111/111 MP: 19/29
 35834 | Lair:6   | Found a runed translucent gate.
 35834 | Lair:6   | Found a runed translucent gate.
 35839 | Lair:6   | Found a runed translucent gate.
 36217 | D:11     | Found a runed translucent door.
 36217 | D:11     | Found a runed translucent door.
 36219 | D:11     | Found a runed translucent door.
 36242 | D:11     | Acquired the ring "Ynuityuf" {rPois rC+ rN+}
 36431 | D:11     | Identified the +10 plate armour of Cowardice {Regen+}
 36687 | D:10     | Reached skill level 13 in Fighting
 36687 | D:10     | Reached skill level 1 in Shields
 36727 | D:10     | Killed Gastronok
 37004 | D:12     | Found a runed translucent gate.
 37004 | D:12     | Found a runed translucent gate.
 37004 | D:12     | Found a runed translucent gate.
 37009 | D:12     | Noticed kalagan's ghost (journeyman DECj)
 38003 | D:13     | Found a gate to the Vaults.
 38239 | D:13     | Identified the +8 dagger "Zitixt" {protect, rCorr Int+3}
 38810 | D:14     | Reached ** piety under Ashenzari
 38820 | D:14     | Found a frozen archway.
 38829 | IceCv    | Entered an ice cave
 39298 | IceCv    | Reached skill level 5 in Shields
 39638 | IceCv    | Learned a level 5 spell: Alistair's Intoxication
 40200 | IceCv    | Learned a level 3 spell: Conjure Flame
 40289 | IceCv    | Noticed an azure jelly
 40305 | IceCv    | Killed an azure jelly
 40306 | IceCv    | Reached XP level 16. HP: 39/120 MP: 25/32
 40541 | IceCv    | Noticed an azure jelly
 41321 | D:13     | Learned a level 6 spell: Eringya's Noxious Bog
 41422 | Elf:1    | Entered Level 1 of the Elven Halls
 41703 | Elf:1    | Found a transporter.
 41710 | Elf:1    | Found a transporter.
 42020 | Elf:1    | Found a transporter.
 42021 | Elf:1    | Found a transporter.
 42876 | Elf:1    | Identified the +8 mace of Qamaes {vamp, rF- Will+ Dex+5}
 43220 | Elf:1    | Reached skill level 14 in Fighting
 43576 | Elf:1    | Found a transporter.
 43635 | Elf:1    | Found a transporter.
 44101 | Elf:2    | Found Seboed's General Store.
 44180 | Elf:2    | Found Utsautz's Antique Armour Boutique.
 44206 | Elf:2    | Bought a potion of heal wounds for 80 gold pieces
 44984 | Elf:2    | Reached skill level 5 in Transmutations
 45010 | Elf:2    | Found a runed translucent gate.
 45010 | Elf:2    | Found a runed translucent gate.
 45010 | Elf:2    | Found a runed translucent gate.
 45208 | Elf:2    | Found Orchiuth's Book Shop.
 45551 | Snake:1  | Entered Level 1 of the Snake Pit
 45900 | Snake:1  | Reached XP level 17. HP: 127/127 MP: 30/33
 46102 | Snake:1  | Acquired the Compendium of Transmutation and Intoxication
 48683 | Snake:2  | HP: 5/128 [poisoned by a naga warrior (splash of poison)]
 48683 | Snake:2  | HP: 2/128 [naga warrior/splash of poison (3)]
 48683 | Snake:2  | Constricted to death by a naga warrior

Illustrated notes

Levels and vault maps discovered:
D:1:      eino_arrival_cavern_b, layout_basic,
          hellmonk_ecumenical_altar_blasted, serial_shops,
          nicolae_lakefront_shop
D:2:      layout_basic, uniq_crazy_yiuf_cottage
D:3:      layout_basic, gammafunk_ghost_nasty_kobolds,
          minmay_misc_feat_nine_boxes, uniq_natasha, uniq_grinder, uniq_jessica
D:4:      layout_basic, yredelemnul_altar_generic, minitemple,
          kennysheep_mini_moat, minmay_temple_entry_statues_pillars, uniq_edmund
D:5:      layout_loops_cross, mainiacjoe_overflow_large_starburst,
          grunt_ministairs_11
D:6:      layout_basic, mainiacjoe_overflow_concentric_impassable,
          mainiacjoe_overflow_brackets, mainiacjoe_overflow_tiny_flanked,
          lemuel_tele_altar, serial_shops, shop, nicolae_shop_waterfront,
          nicolae_shop_hallway_stairs, nicolae_shop_hallway_stairs, shop
D:7:      layout_loops_ring, uniq_pikel
D:8:      layout_cave_pools, general_overflow_altar, kennysheep_generic_room_6,
          uniq_erica, uniq_maurice, uniq_harold
D:9:      layout_basic, mainiacjoe_overflow_paths, chequers_big_river
D:10:     layout_loops_ring, amcnicky_altar_gilded, serial_shops, shop,
          enter_bailey_4, uniq_gastronok
D:11:     minmay_the_grid_triangle_9x9_recursive_3
          [minmay_the_grid_triangle_9x9_swiss_cheese,
          minmay_the_grid_triangle_9x9_fully_insulated_deathbox,
          minmay_the_grid_triangle_9x9_cache,
          minmay_the_grid_triangle_9x9_prize_top_heavy,
          minmay_the_grid_triangle_9x9_windchime,
          minmay_the_grid_triangle_9x9_semitri,
          minmay_the_grid_triangle_9x9_descending_squares,
          minmay_the_grid_triangle_9x9_intruding_spiral,
          minmay_the_grid_triangle_9x9_negative_grid], layout_irregular_city,
          erik_lair_orcish_takeover, orc_0_dummy
D:12:     layout_gridville, gammafunk_ghost_necromancy
D:13:     layout_roguey, lightli_vaults_fourway_checkpoint
D:14:     layout_small_grid, portal_ice_cave_entry_pillars_1
Temple:   kb_temple_of_zot
Lair:1:   layout_chaotic_city, infiniplex_staircase_pool_2, serial_bayou_shore_b
Lair:2:   layout_misc_corridors, minmay_snake_entry_guardpost_medium,
          lemuel_fruit_tree, infiniplex_staircase_pool
Lair:3:   layout_loops_ring, minmay_shoals_entry_centaurs, basic_altar
Lair:4:   dpeg_oklob_gauntlet, layout_cellular_growth,
          chequers_serial_rivers_room_b
Lair:5:   dragon1_lemuel, layout_long_grid, grunt_megastairs_4,
          serial_bayou_shore_b, uniq_nessos, uniq_josephine
Lair:6:   hangedman_lair_in_review, layout_cave_pods,
          minmay_slime_entry_oklob_open, gauntlet_entry_generic,
          maelrawn_ghost_gauntlet_escape, columned_hall_lemuel,
          minmay_stone_trees_medium, nicolae_quartered_pool_impasse, uniq_urug,
          uniq_sonja
Snake:1:  cheibrodos_snake_lava_hold, layout_cave_pods, drop_trap,
          hangedman_snake_wide_pillar_pass
Snake:2:  layout_honeycomb, nicolae_fountain_basement, serial_bayou_shore_b,
          minmay_shop_grove
Orc:1:    layout_diamond_mine, serial_shops, shop,
          nicolae_shop_overcharged_wands
Orc:2:    st_orc_mages, layout_caves
Elf:1:    eino_elf_arrival_the_gate, layout_geoelf_octagon,
          hangedman_elven_crosses_minicolossus, corexii_leaking_fountain,
          serial_nicolae_subway, nicolae_sub_station_metal,
          nicolae_sub_station_stone, nicolae_sub_station_crystal
Elf:2:    nicolae_elf_blades_splatter_lattice [mumra_blade_entry_dagger],
          layout_geoelf_octagon, serial_shops, shop, shop, shop_statue

Skill      XL: |  1  2  3  4  5  6  7  8  9 10 11 12 13 14 15 16 17 |
---------------+----------------------------------------------------+-----
Dodging        | 2 3 4 5 7 8 10 11 12 13 | 13.6
Fighting       | 3 4 5 6 7 8 10 11 12 13 14 | 14.6
Maces & Flails | 1 2 3 4 6 |  6.3
Necromancy     | 1 3 4 6 8 9 11 | 11.2
Throwing       | 3 |  3.0
Poison Magic   | 5 8 10 11 12 | 12.5
Spellcasting   | 2 4 6 7 9 10 11 12 | 12.1
Evocations     | 3 |  3.5
Fire Magic     | 1 |  1.0
Earth Magic    | 3 5 6 |  6.0
Summonings     | 1 |  1.4
Transmutations | 1 2 5 6 |  6.1
Air Magic      | 1 3 |  3.0
Shields        | 5 7 8 |  8.1
Short Blades   | |  2.0
Stealth        | |  5.3

Action                   |  1- 3 |  4- 6 |  7- 9 | 10-12 | 13-15 | 16-18 || total
-------------------------+-------+-------+-------+-------+-------+-------++-------
Melee: Dagger            |    66 |    96 |    29 |     6 |     2 |     3 ||   202
       Constrict         |    13 |    25 |    24 |    22 |    11 |     7 ||   102
       Tentacles         |    14 |    28 |    34 |    47 |    33 |    17 ||   173
       Mace              |       |     5 |   114 |   187 |    95 |    42 ||   443
       Punch             |       |     1 |     3 |     3 |     4 |       ||    11
       Short sword       |       |       |     7 |       |       |       ||     7
       Quarterstaff      |       |       |       |     4 |     2 |       ||     6
       Staff             |       |       |       |       |     2 |       ||     2
 Fire: Hunting sling     |       |       |     3 |   112 |   286 |   146 ||   547
Throw: Stone             |     6 |    46 |    14 |       |       |       ||    66
       Dart              |     1 |       |       |       |     1 |       ||     2
       Boomerang         |       |       |       |       |     2 |       ||     2
       Javelin           |       |       |       |       |     1 |       ||     1
 Cast: Pain              |       |       |    28 |       |     1 |       ||    29
       Vampiric Draining |       |       |     2 |     1 |       |       ||     3
       Poisonous Vapours |       |       |    10 |    94 |   152 |    83 ||   339
       Olgreb's Toxic Ra |       |       |       |    39 |    49 |    10 ||    98
       Ignite Poison     |       |       |       |    49 |    85 |    41 ||   175
       Mephitic Cloud    |       |       |       |     9 |    20 |     6 ||    35
       Borgnjor's Vile C |       |       |       |       |   173 |   142 ||   315
       Passwall          |       |       |       |       |     6 |     2 ||     8
       Swiftness         |       |       |       |       |     5 |       ||     5
       Blink             |       |       |       |       |     3 |     1 ||     4
       Eringya's Noxious |       |       |       |       |       |     5 ||     5
Invok: Curse Item        |       |       |     1 |     1 |     2 |       ||     4
Evoke: Wand              |       |       |     2 |    12 |    24 |     2 ||    40
       Lightning rod     |       |       |       |     1 |     3 |     3 ||     7
       Box of beasts     |       |       |       |       |     1 |       ||     1
  Use: Scroll            |       |       |     6 |    11 |     7 |     3 ||    27
       Potion            |       |       |       |     4 |     6 |       ||    10
 Stab: Sleeping          |    12 |    12 |    17 |     6 |       |     1 ||    48
       Distracted        |     2 |       |       |       |       |       ||     2
       Paralysed         |       |       |       |     2 |       |       ||     2
       Confused          |       |       |       |       |     2 |       ||     2
Armor: Skin              |     3 |     6 |     7 |    13 |     5 |     4 ||    38
Dodge: Dodged            |    21 |    52 |    91 |   177 |   207 |    77 ||   625
Block: Buckler           |       |       |       |       |     6 |    21 ||    27
